 Dungeon Crawl Stone Soup version 0.31-a0-188-g5e087ee2ca (webtiles) character file.

Game seed: 7275109175572611677

282 qw the Skirmisher (level 6, 0/35 HPs)
             Began as a Deep Elf Hunter on June 23, 2023.
             Slain by an adder (2 damage)
             ... on level 4 of the Dungeon.
             The game lasted 00:00:58 (2818 turns).

qw the Skirmisher (Deep Elf Hunter)                 Turns: 2818, Time: 00:00:59

Health: 0/35       AC:  8    Str: 10    XL:     6   Next: 6%
Magic:  8/8        EV:  9    Int: 14    God:
Gold:   185        SH:  0    Dex: 18    Spells: 5/5 levels left

rFire   . . .        Y - +2 shortbow
rCold   . . .        (shield currently unavailable)
rNeg    . . .        e - +0 scale mail
rPois   .            (no helmet)
rElec   .            c - +0 cloak
rCorr   .            (no gloves)
SInv    .            d - +0 pair of boots
Will    .....        b - amulet of the acrobat
Stlth   +            (no ring)
HPRegen 0.25/turn    (no ring)
MPRegen 0.11/turn

%: acrobat
@: lethally poisoned (0 -> -9)
A: no striking features
a: no special abilities


You were on level 4 of the Dungeon.
You visited 1 branch of the dungeon, and saw 4 of its levels.

You collected 185 gold pieces.


   Skills:
 - Level 2.0 Fighting
 + Level 9.2 Ranged Weapons
 - Level 1.0 Armour
 - Level 2.4 Dodging
 - Level 1.2 Stealth


You had 5 spell levels left.
You didn't know any spells.
Your spell library was empty.

Inventory:

Hand Weapons
 Y - a +2 shortbow (weapon)
Armour
 a - a +3 ring mail
 c - a +0 cloak (worn)
 d - a +0 pair of boots (worn)
 e - a +0 scale mail (worn)
Jewellery
 b - an amulet of the acrobat (around neck)
Scrolls
 g - 3 scrolls of identify
Potions
 f - a potion of invisibility {unknown}
 h - a potion of enlightenment {unknown}
 j - a potion of curing {unknown}

Dungeon Overview and Level Annotations

Branches:
Dungeon (4/15)
 Temple: D:4-7

Altars:
Cheibriados
Fedhas
Yredelemnul


Message History

The scorpion is moderately wounded.
The adder bites you. The scorpion stings you.
You are poisoned.
The scorpion poisons you! The adder bites you.
You are more poisoned.
The adder poisons you!
The scorpion stings you but does no damage.
You shoot an arrow.
The arrow hits the scorpion but does no damage.
The scorpion is moderately wounded.
You feel very sick.
The howler monkey hoots and howls with incredible vigour!
The adder bites you. The scorpion misses you.
The adder bites you but does no damage.
You shoot an arrow. The arrow hits the scorpion.
The scorpion is heavily wounded.
You feel very sick.
The scorpion stings you but does no damage.
The adder barely misses you. The scorpion stings you.
You are lethally poisoned!
The scorpion poisons you!
You shoot an arrow. The arrow hits the scorpion.
The scorpion is severely wounded.
You feel very sick. The adder barely misses you. The scorpion stings you.
The adder bites you but does no damage. The howler monkey barely misses you.
You shoot an arrow. The arrow hits the scorpion.
The scorpion is almost dead.
You feel very sick.
The scorpion stings you but does no damage.
The adder misses you. The howler monkey closely misses you.
The scorpion stings you but does no damage.
You shoot an arrow.
The arrow hits the scorpion but does no damage.
The scorpion is almost dead.
You feel very sick. The adder bites you but does no damage.
The howler monkey hoots and howls with incredible vigour!
The scorpion barely misses you. The adder bites you.
You die...

#.......# #. #.#####.# #. #
.#####.# ### #. #.# .##....# ..#
.#####.##.##.#### #.#
........<.##....#
#.#####..".###.######.# #
#.#...hSs.......#.....##
##.#######)#.###@######...%.#....
......)..........>..####.####.###
##.##.######.#.#.................
##.##.######.#.#....###.#####.###
...........#.#.#......#. #....##
##.##.####.#.#.##..##.#. #.#####
# #.....)#.#.....# .#.###......
######.......... # #...#####
#.#..###.### #.#.#


You could see a scorpion, a howler monkey (catching breath) and an adder.

Vanquished Creatures
  A scorpion (D:4)
  An iguana (D:4)
  4 gnolls (D:4)
  7 adders
  2 ufetubi (D:4)
  2 dart slugs
  2 worms
  8 orcs
  3 endoplasms
  A giant cockroach (D:1)
  6 goblins
  9 hobgoblins
  4 kobolds
  4 quokkas
  8 ball pythons
  6 bats
  2 frilled lizards
  5 rats
75 creatures vanquished.

Notes
Turn   | Place    | Note
-------+----------+-------------------------------------------
     0 | D:1      | qw the Deep Elf Hunter began the quest for the Orb.
     0 | D:1      | Reached XP level 1. HP: 12/12 MP: 3/3
     0 | D:1      | 0 ||| qw: Version: 0.3-a-9-g12657ce
     0 | D:1      | 0 ||| qw: Game counter: 4017
     0 | D:1      | 0 ||| qw: Always use a shield: true
     0 | D:1      | 0 ||| qw: God list: Okawaru
     0 | D:1      | 0 ||| qw: Allow faded altars: false
     0 | D:1      | 0 ||| qw: Do Orc after D:15 true
     0 | D:1      | 0 ||| qw: Do second Lair branch before Depths: true
     0 | D:1      | 0 ||| qw: Lair rune preference: random
     0 | D:1      | 0 ||| qw: Plans: Normal
     0 | D:1      | 0 ||| PLANNING D:1-11
   113 | D:1      | Reached XP level 2. HP: 15/16 MP: 4/4
   134 | D:1      | Reached skill level 6 in Ranged Weapons
   574 | D:1      | 574 ||| UPGRADING to +0 pair of boots.
   579 | D:1      | 579 ||| UPGRADING to +0 scale mail.
   589 | D:1      | 589 ||| DROPPING +0 leather armour.
   590 | D:1      | 590 ||| READING scroll labelled ZATIFE XOLECH.
   591 | D:1      | 591 ||| READING scroll labelled RYNIRE LI LITA.
   595 | D:1      | 595 ||| READING scroll labelled QAIRPHA ZUANTIRPH.
   627 | D:1      | 627 ||| READING scroll labelled SAQOQA ADUBYEM.
   628 | D:1      | 628 ||| DROPPING scroll of butterflies.
   662 | D:2      | Reached XP level 3. HP: 20/20 MP: 5/5
   711 | D:2      | Reached skill level 7 in Ranged Weapons
   712 | D:2      | Found a faded altar of an unknown god.
   740 | D:2      | 740 ||| READING scroll of enchant weapon.
   740 | D:2      | 740 ||| ENCHANTING +1 shortbow.
   996 | D:2      | Found a basalt altar of Yredelemnul.
  1019 | D:2      | Reached XP level 4. HP: 25/25 MP: 6/6
  1263 | D:2      | 1263 ||| UPGRADING to +0 cloak.
  1268 | D:2      | 1268 ||| UPGRADING to amulet of the acrobat.
  1273 | D:2      | 1273 ||| READING scroll labelled HUERCH VAENA.
  1294 | D:3      | 1294 ||| PLANNING SEWER
  1374 | D:3      | You fall into a shaft and drop 1 floor!
  1416 | D:4      | Noticed a scorpion
  1422 | D:4      | Killed a scorpion
  1423 | D:4      | Reached skill level 8 in Ranged Weapons
  1423 | D:4      | Reached XP level 5. HP: 19/29 MP: 7/7
  1499 | D:4      | 1499 ||| FLEEEEING.
  1501 | D:4      | 1501 ||| STAIRDANCE
  1749 | D:3      | Found a blossoming altar of Fedhas.
  1769 | D:3      | Reached skill level 1 in Armour
  1898 | D:3      | Found a glowing drain.
  1985 | D:3      | 1985 ||| RIP SEWER
  2110 | D:3      | Found a snail-covered altar of Cheibriados.
  2111 | D:3      | 2111 ||| PLANNING D:1-11
  2367 | D:3      | 2367 ||| DROPPING amulet of guardian spirit.
  2368 | D:3      | 2368 ||| READING scroll labelled PUIS QICYWN.
  2558 | D:4      | Reached skill level 9 in Ranged Weapons
  2606 | D:4      | HP: 6/30 [gnoll/+0 flail (2)]
  2718 | D:4      | Identified the +5 flail of Eveo {heavy, rPois SInv}
  2721 | D:4      | Reached XP level 6. HP: 35/35 MP: 8/8
  2816 | D:4      | HP: 8/35 [scorpion (5)]
  2818 | D:4      | HP: 2/35 [poisoned by a scorpion]
  2818 | D:4      | Slain by an adder

Levels and vault maps discovered:
D:1:      onia_arrival_mini_maze, layout_rooms, bh_walls_and_bars
D:2:      minmay_angry_zag, layout_basic, basic_altar,
          hellmonk_ecumenical_altar_blasted
D:3:      layout_loops_ring, general_overflow_altar, mainiacjoe_overflow_paths,
          portal_sewer_entry_c, kennysheep_small_spiral, guppyfry_early_orc_mine
D:4:      layout_basic

Skill      XL: |  1  2  3  4  5 |
---------------+----------------+-----
Ranged Weapons | 6 7 8 9 |  9.2
Armour         | 1 |  1.0
Fighting       | 2 |  2.0
Dodging        | |  2.4
Stealth        | |  1.2

Action                     |  1- 3 |  4- 6 || total
---------------------------+-------+-------++-------
   Fire: Shortbow          |    93 |   123 ||   216
    Use: Scroll            |     5 |     2 ||     7
 Armour: Scale mail        |    12 |    30 ||    42
         Leather armour    |     1 |       ||     1
  Dodge: Dodged            |    11 |    31 ||    42

Table legend:
 A = Non-vault XP
 B = Vault XP
 C = Vault XP percentage of total XP
 D = Non-vault monster count
 E = Vault monster count
 F = Vault count percentage of total count
                 A         B        C        D         E       F
            +---------+---------+-------+---------+---------+-------
      Total |     378 |      25 |   6.2 |      63 |      12 |  16.0
            +---------+---------+-------+---------+---------+-------
        D:1 |      24 |       1 |   4.0 |      15 |       1 |   6.2
        D:2 |      93 |       7 |   7.0 |      25 |       4 |  13.8
        D:3 |      40 |      17 |  29.8 |       7 |       7 |  50.0
        D:4 |     221 |       0 |   0.0 |      16 |       0 |   0.0
            +---------+---------+-------+---------+---------+-------
